 Dungeon Crawl Stone Soup version 0.30.0-21-gd299b56b3f (webtiles) character file.

Game seed: 8648319896222965440

1640 qw the Cleaver (level 8, -14/51 HPs)
             Began as a Gargoyle Fighter on June 2, 2023.
             Was an Initiate of Okawaru.
             Demolished by a boulder beetle (19 damage)
             ... on level 7 of the Dungeon.
             The game lasted 00:02:56 (6220 turns).

qw the Cleaver (Gargoyle Fighter)                   Turns: 6220, Time: 00:02:56

Health: -14/51     AC: 20    Str: 22    XL:     8   Next: 99%
Magic:  8/8        EV:  6    Int:  9    God:    Okawaru [......]
Gold:   329        SH:  4    Dex:  9    Spells: 7/7 levels left

rFire   . . .        Y - +4 war axe
rCold   . . .        c - +0 buckler
rNeg    + . .        i - +0 plate armour
rPois   inf          (no helmet)
rElec   +            (no cloak)
rCorr   +            (no gloves)
SInv    .            a - +1 pair of boots
Will    .....        j - amulet of faith Stlth
                     b - ring of resist corrosion
HPRegen 0.28/turn    (no ring)
MPRegen 0.11/turn

%: faith
@: no status effects
A: sickness immunity, AC +5, negative energy resistance 1, electricity
resistance, torment resistance 1, petrification resistance
a: Renounce Religion


You were on level 7 of the Dungeon.
You worshipped Okawaru.
Okawaru was noncommittal.
You visited 2 branches of the dungeon, and saw 8 of its levels.

You collected 329 gold pieces.


Innate Abilities, Weirdness & Mutations

You are immune to sickness and miasma.
Your stone body is resilient. (AC +5)
You are immune to poison.
You resist negative energy. (rN+)
You are resistant to electric shocks. (rElec)
You are resistant to unholy torment.
You are immune to petrification.


   Skills:
 - Level 6.0 Fighting
 + Level 8.2 Axes
 - Level 5.7 Armour
 - Level 1.7 Dodging
 - Level 3.2 Shields


You had 7 spell levels left.
You didn't know any spells.
Your spell library was empty.

Inventory:

Hand Weapons
 e - a +0 morningstar
 Y - a +4 war axe (weapon)
Armour
 a - a +1 pair of boots (worn)
 c - a +0 buckler (worn)
 i - a +0 plate armour (worn)
Jewellery
 b - a ring of resist corrosion (left hand)
 j - an amulet of faith (around neck)
Scrolls
 g - 5 scrolls of identify
Potions
 d - 4 potions of might
 f - a potion of mutation {unknown}
 h - 4 potions of curing
 k - 2 potions of cancellation
 l - a potion of lignification

Dungeon Overview and Level Annotations

Branches:
Dungeon (7/15)             Temple (1/1) D:6

Altars:
Ashenzari
Cheibriados
Dithmenos
Elyvilon
Fedhas
Gozag
Hepliaklqana
Kikubaaqudgha
Makhleb
Nemelex Xobeh
Okawaru
Qazlal
Ru
Sif Muna
Trog
Uskayaw
Vehumet
Wu Jian
Xom
Yredelemnul
Zin
The Shining One

Shops:
D:2 [

Annotations:
D:7 2 transporters, qw's ghost, novice GrFi


Message History

You slash the boulder beetle!
The boulder beetle is severely wounded.
You hit the boulder beetle but do no damage.
The boulder beetle is severely wounded.
The boulder beetle barely misses you.
You hit the boulder beetle.
The boulder beetle is severely wounded.
You feel like a meek peon again.
The boulder beetle bites you but does no damage.
You hit the boulder beetle but do no damage.
The boulder beetle is severely wounded.
The boulder beetle bites you!
You hit the boulder beetle but do no damage.
The boulder beetle is severely wounded.
The boulder beetle bites you but does no damage.
You hit the boulder beetle but do no damage.
The boulder beetle is severely wounded.
The boulder beetle leaps!
You hit the boulder beetle but do no damage.
The boulder beetle is severely wounded.
The boulder beetle leaps!
You start resting.
A boulder beetle is nearby!
The boulder beetle curls into a ball and begins rolling!
You hit the boulder beetle.
The boulder beetle is severely wounded.
The boulder beetle hits you!!
The boulder beetle stops rolling and uncurls.
The boulder beetle bites you but does no damage.
You completely miss the boulder beetle.
The boulder beetle is severely wounded.
The boulder beetle barely misses you.
You hit the boulder beetle.
The boulder beetle is severely wounded.
The boulder beetle bites you!
You hit the boulder beetle but do no damage.
The boulder beetle is severely wounded.
The boulder beetle leaps!
The boulder beetle bites you!!
You die...

##..# ##....
...... #....#
#.#..# #.##.#
#.##B# ###
#####.##@###.# #..
#.......$....# #.#
#.######.##### #.#
#.# #.#
#.#######.######[#
#.#..............#
#..[####.^.####..#
..###. ##### #..
.## .#..[?... #..


You could see a boulder beetle.

Vanquished Creatures
  A steam dragon (D:7)
  Edmund (D:4)
  2 water moccasins (D:6)
  A black bear (D:5)
  An ogre (D:6)
  An orc warrior (D:6)
  A centaur (D:7)
  A bullfrog (D:7)
  4 scorpions
  A howler monkey (D:5)
  A crimson imp (D:6)
  2 jellies
  2 hounds
  An orc priest (D:6)
  A sleepcap (D:7)
  An iguana (D:6)
  4 adders
  11 gnolls
  A white imp (D:6)
  An ufetubus (D:6)
  3 worms
  A dart slug (D:3)
  13 orcs
  8 endoplasms
  A giant cockroach (D:3)
  6 goblins
  7 hobgoblins
  5 quokkas
  4 ball pythons
  10 bats
  6 frilled lizards
  5 kobolds
  5 rats
113 creatures vanquished.

Notes
Turn   | Place    | Note
-------+----------+-------------------------------------------
     0 | D:1      | qw the Gargoyle Fighter began the quest for the Orb.
     0 | D:1      | Reached XP level 1. HP: 14/14 MP: 1/1
     0 | D:1      | 0 ||| qw: Version: 0.2-a-102-gdf20003
     0 | D:1      | 0 ||| qw: Game counter: 833
     0 | D:1      | 0 ||| qw: Always use a shield: true
     0 | D:1      | 0 ||| qw: God list: Okawaru
     0 | D:1      | 0 ||| qw: Allow faded altars: false
     0 | D:1      | 0 ||| qw: Do Orc after D:15 true
     0 | D:1      | 0 ||| qw: Do second Lair branch before Depths: true
     0 | D:1      | 0 ||| qw: Lair rune preference: random
     0 | D:1      | 0 ||| qw: Plans: Normal, Zot:1-4, Slime:5, God:TSO, Crypt,
                  | Tomb, Pan, Hells, Abyss, Win
     0 | D:1      | 0 ||| PLANNING D:1-11
    32 | D:1      | 32 ||| Stepping ~*~*~tactically~*~*~ (stealth).
    35 | D:1      | 35 ||| Stepping ~*~*~tactically~*~*~ (stealth).
    37 | D:1      | 37 ||| Stepping ~*~*~tactically~*~*~ (stealth).
    55 | D:1      | Reached skill level 2 in Axes
   253 | D:1      | Reached XP level 2. HP: 12/19 MP: 2/2
   299 | D:1      | 299 ||| Stepping ~*~*~tactically~*~*~ (hiding).
   300 | D:1      | 300 ||| Stepping ~*~*~tactically~*~*~ (hiding).
   426 | D:1      | 426 ||| Stepping ~*~*~tactically~*~*~ (stealth).
   581 | D:1      | Reached skill level 3 in Axes
   608 | D:1      | Reached XP level 3. HP: 23/23 MP: 3/3
   650 | D:1      | 650 ||| Stepping ~*~*~tactically~*~*~ (stealth).
   802 | D:1      | 802 ||| UPGRADING to +0 chain mail.
   812 | D:1      | 812 ||| DROPPING +0 scale mail.
   813 | D:1      | 813 ||| READING scroll labelled LAORYA JIOFAITZ.
   814 | D:1      | 814 ||| READING scroll labelled TASSETIWUE.
   815 | D:1      | 815 ||| READING scroll labelled EMONNI FADIGE.
   816 | D:1      | 816 ||| READING scroll labelled SASEFE TU ODGH.
   872 | D:2      | Found Ummiyt's Antique Armour Boutique.
   888 | D:2      | 888 ||| SHOPLISTING cloak (99 gold, have 69).
   888 | D:2      | 888 ||| SHOPLISTING shiny acid dragon scales (946 gold,
                  | have 69).
   888 | D:2      | 888 ||| SHOPLISTING shiny ring mail (154 gold, have 69).
  1261 | D:2      | 1261 ||| Stepping ~*~*~tactically~*~*~ (stealth).
  1285 | D:2      | 1285 ||| Stepping ~*~*~tactically~*~*~ (stealth).
  1611 | D:2      | 1611 ||| UPGRADING to +0 pair of boots.
  1616 | D:2      | 1616 ||| DRINKING 3 bubbling sapphire potions.
  1617 | D:2      | 1617 ||| READING 4 scrolls of identify.
  1617 | D:2      | 1617 ||| IDENTIFYING dark potion
  1618 | D:2      | 1618 ||| READING 3 scrolls of identify.
  1618 | D:2      | 1618 ||| IDENTIFYING puce potion
  1619 | D:2      | 1619 ||| READING 2 scrolls of identify.
  1619 | D:2      | 1619 ||| IDENTIFYING glowing emerald potion
  1620 | D:2      | 1620 ||| DROPPING potion of brilliance.
  1621 | D:2      | 1621 ||| DROPPING potion of degeneration.
  1713 | D:3      | 1713 ||| Stepping ~*~*~tactically~*~*~ (stealth).
  1715 | D:3      | 1715 ||| Stepping ~*~*~tactically~*~*~ (stealth).
  1727 | D:3      | 1727 ||| Stepping ~*~*~tactically~*~*~ (stealth).
  1736 | D:3      | Reached XP level 4. HP: 28/28 MP: 4/4
  1754 | D:3      | 1754 ||| Stepping ~*~*~tactically~*~*~ (stealth).
  1800 | D:3      | Reached skill level 4 in Axes
  1913 | D:3      | 1913 ||| Stepping ~*~*~tactically~*~*~ (stealth).
  1914 | D:3      | 1914 ||| Stepping ~*~*~tactically~*~*~ (stealth).
  1920 | D:3      | 1920 ||| DROPPING +0 club.
  1926 | D:3      | 1926 ||| Stepping ~*~*~tactically~*~*~ (stealth).
  2002 | D:3      | Found a faded altar of an unknown god.
  2023 | D:3      | 2023 ||| FLEEEEING.
  2024 | D:3      | 2024 ||| FLEEEEING.
  2025 | D:3      | 2025 ||| FLEEEEING.
  2026 | D:3      | 2026 ||| FLEEEEING.
  2027 | D:3      | 2027 ||| FLEEEEING.
  2028 | D:3      | 2028 ||| FLEEEEING.
  2029 | D:3      | 2029 ||| FLEEEEING.
  2030 | D:3      | 2030 ||| FLEEEEING.
  2031 | D:3      | 2031 ||| FLEEEEING.
  2032 | D:3      | 2032 ||| FLEEEEING.
  2044 | D:3      | 2044 ||| FLEEEEING.
  2049 | D:3      | 2049 ||| FLEEEEING.
  2050 | D:3      | 2050 ||| FLEEEEING.
  2051 | D:3      | 2051 ||| FLEEEEING.
  2052 | D:3      | 2052 ||| FLEEEEING.
  2053 | D:3      | 2053 ||| FLEEEEING.
  2353 | D:3      | Reached XP level 5. HP: 32/32 MP: 5/5
  2488 | D:3      | 2488 ||| READING scroll labelled SUZ DURPHOFA.
  2541 | D:4      | 2541 ||| Stepping ~*~*~tactically~*~*~ (hiding).
  2544 | D:4      | Noticed Edmund
  2561 | D:4      | HP: 7/32 [Edmund/+2 flail of protection (4)]
  2563 | D:4      | HP: 2/32 [Edmund/+2 flail of protection (5)]
  2567 | D:4      | Killed Edmund
  2568 | D:4      | Reached skill level 5 in Axes
  2568 | D:4      | Reached XP level 6. HP: 4/37 MP: 6/6
  2788 | D:4      | 2788 ||| Stepping ~*~*~tactically~*~*~ (stealth).
  2803 | D:4      | 2803 ||| Stepping ~*~*~tactically~*~*~ (stealth).
  2823 | D:4      | 2823 ||| READING scroll of enchant weapon.
  2823 | D:4      | 2823 ||| ENCHANTING +1 war axe.
  3016 | D:4      | 3016 ||| READING scroll of enchant weapon.
  3016 | D:4      | 3016 ||| ENCHANTING +2 war axe.
  3114 | D:4      | 3114 ||| Stepping ~*~*~tactically~*~*~ (hiding).
  3115 | D:4      | 3115 ||| Stepping ~*~*~tactically~*~*~ (hiding).
  3117 | D:4      | 3117 ||| Stepping ~*~*~tactically~*~*~ (hiding).
  3271 | D:4      | 3271 ||| READING scroll labelled QIPNIO BAODEAKK.
  3272 | D:4      | 3272 ||| READING scroll labelled VONNU CYKKIFETT.
  3285 | D:5      | Entered Level 5 of the Dungeon
  3290 | D:5      | Noticed a black bear
  3298 | D:5      | Killed a black bear
  3299 | D:5      | Reached skill level 6 in Axes
  3299 | D:5      | Reached XP level 7. HP: 33/43 MP: 7/7
  3558 | D:5      | Reached skill level 1 in Dodging
  3581 | D:5      | 3581 ||| Stepping ~*~*~tactically~*~*~ (hiding).
  3591 | D:5      | HP: 8/43 [gnoll/+0 spear (5)]
  4093 | D:5      | Reached skill level 7 in Axes
  4093 | D:5      | 4093 ||| Stepping ~*~*~tactically~*~*~ (stealth).
  4181 | D:5      | 4181 ||| UPGRADING to ring of resist corrosion.
  4182 | D:5      | 4182 ||| READING scroll labelled XAETHA KIMILOQ.
  4183 | D:5      | 4183 ||| READING scroll labelled ENYODGH XUVE.
  4184 | D:5      | 4184 ||| READING scroll labelled CUNIS NOARIAW.
  4187 | D:5      | 4187 ||| DRINKING 2 silvery potions.
  4213 | D:5      | 4213 ||| READING 4 scrolls of identify.
  4213 | D:5      | 4213 ||| IDENTIFYING pink potion
  4214 | D:5      | 4214 ||| DROPPING potion of invisibility.
  4223 | D:6      | 4223 ||| READING scroll of enchant armour.
  4223 | D:6      | 4223 ||| ENCHANTING +0 pair of boots.
  4276 | D:6      | 4276 ||| Stepping ~*~*~tactically~*~*~ (stealth).
  4284 | D:6      | Reached XP level 8. HP: 40/49 MP: 8/8
  4499 | D:6      | 4499 ||| Stepping ~*~*~tactically~*~*~ (stealth).
  4690 | D:6      | 4690 ||| READING scroll of enchant weapon.
  4690 | D:6      | 4690 ||| ENCHANTING +3 war axe.
  4692 | D:6      | Found a staircase to the Ecumenical Temple.
  4693 | D:6      | 4693 ||| PLANNING TEMPLE
  4693 | D:6      | 4693 ||| UPGRADING to +0 plate armour.
  4703 | D:6      | 4703 ||| DROPPING +0 chain mail.
  4704 | D:6      | 4704 ||| UPGRADING to amulet of faith.
  4718 | Temple   | Entered the Ecumenical Temple
  4719 | Temple   | 4719 ||| PLANNING OKAWARU WORSHIP
  5486 | Temple   | Became a worshipper of Warmaster Okawaru
  5486 | Temple   | 5486 ||| PLANNING D:1-11
  5800 | D:6      | Found a shimmering altar of Xom.
  5800 | D:6      | Found a burning altar of Makhleb.
  5848 | D:7      | 5848 ||| STAIRDANCE
  5851 | D:6      | Reached skill level 8 in Axes
  5929 | D:7      | 5929 ||| Stepping ~*~*~tactically~*~*~ (hiding).
  5936 | D:7      | Reached skill level 6 in Fighting
  5995 | D:7      | Found an opulent altar of Gozag.
  6079 | D:7      | Found a transporter.
  6081 | D:7      | Noticed qw's ghost (novice GrFi)
  6161 | D:7      | Found a transporter.
  6177 | D:7      | Noticed a boulder beetle
  6188 | D:7      | Reached * piety under Okawaru
  6189 | D:7      | 6189 ||| INVOKING Heroism.
  6216 | D:7      | HP: 4/51 [boulder beetle (9)]
  6220 | D:7      | Demolished by a boulder beetle

Levels and vault maps discovered:
D:1:      minmay_arrival_radiant_lines, layout_loops_cross
D:2:      layout_basic, serial_shops, shop
D:3:      layout_basic, ebering_ecumenical_altar_webs, minmay_circle_x
D:4:      minmay_general_purpose_star, layout_cave_pools, nrook_loot_triangle,
          uniq_edmund
D:5:      layout_loops_ring
D:6:      layout_rooms, grunt_temple_overflow_champion_of_chaos,
          minmay_temple_entry_poolview, nicolae_lava_and_water,
          skrybe_limestone_x, nicolae_elevator_lobby_asterisk
D:7:      layout_loops_corners, grunt_gozag_statues, gammafunk_ghost_stat_death,
          minmay_manual_moon, uniq_menkaure
Temple:   compressed_dpeg_triangle_lava_temple

Skill      XL: |  1  2  3  4  5  6  7  8 |
---------------+-------------------------+-----
Axes           | 2 3 4 5 6 7 8 |  8.2
Fighting       | 4 5 6 |  6.0
Dodging        | 1 |  1.7
Armour         | 5 |  5.7
Shields        | |  3.2

Action                     |  1- 3 |  4- 6 |  7- 9 || total
---------------------------+-------+-------+-------++-------
  Melee: War axe           |   109 |   110 |   138 ||   357
  Throw: Boomerang         |    46 |     8 |       ||    54
 Invoke: Heroism           |       |       |     1 ||     1
    Use: Scroll            |     7 |     5 |     6 ||    18
         Potion            |     1 |       |     1 ||     2
 Armour: Scale mail        |    44 |       |       ||    44
         Chain mail        |    18 |    63 |    47 ||   128
         Plate armour      |       |       |    33 ||    33
  Dodge: Dodged            |    44 |    40 |    47 ||   131
  Block: Buckler           |    18 |    17 |    28 ||    63

Table legend:
 A = Non-vault XP
 B = Vault XP
 C = Vault XP percentage of total XP
 D = Non-vault monster count
 E = Vault monster count
 F = Vault count percentage of total count
                 A         B        C        D         E       F
            +---------+---------+-------+---------+---------+-------
      Total |    2034 |     309 |  13.2 |     104 |       9 |   8.0
            +---------+---------+-------+---------+---------+-------
        D:1 |      41 |       0 |   0.0 |      26 |       0 |   0.0
        D:2 |      37 |       0 |   0.0 |      12 |       0 |   0.0
        D:3 |     114 |      14 |  10.9 |      22 |       5 |  18.5
        D:4 |      69 |     247 |  78.2 |      13 |       3 |  18.8
        D:5 |     589 |       0 |   0.0 |      12 |       0 |   0.0
        D:6 |     721 |      48 |   6.2 |      14 |       1 |   6.7
        D:7 |     463 |       0 |   0.0 |       5 |       0 |   0.0
            +---------+---------+-------+---------+---------+-------
